 Dungeon Crawl Stone Soup version 0.27-a0-170-g607d9e9d85 (webtiles) character file.

Game seed: 5926492056075955741

58 hehateme the Skirmisher (level 3, -8/29 HPs)
             Began as a Demonspawn Abyssal Knight on Jan 29, 2021.
             Was a Follower of Lugonu.
             Mangled by a gnoll
             ... wielding a +2 vorpal halberd
              (12 damage)
             ... on level 2 of the Dungeon.
             The game lasted 00:03:12 (1428 turns).

hehateme the Skirmisher (Demonspawn Abyssal Knight) Turns: 1428, Time: 00:03:13

Health: -8/29      AC:  6    Str: 13    XL:     3   Next: 75%
Magic:  4/4        EV: 10    Int: 13    God:    Lugonu [*.....]
Gold:   42         SH:  5    Dex: 24    Spells: 2/2 levels left

rFire    . . .     SeeInvis .   a - +1 hand axe
rCold    . . .     Faith    .   d - +0 buckler (curse)
rNeg     . . .     Spirit   .   j - +0 ring mail
rPois    .         Reflect  .   (no helmet)
rElec    .         Harm     .   (no cloak)
rCorr    .         Rampage  .   (no gloves)
Will     .....                  (no boots)
Stlth    +.........             (no amulet)
HPRegen  0.09/turn              e - +6 ring of dexterity
MPRegen  0.09/turn              c - +6 ring of dexterity

@: no status effects
A: sharp scales 1
a: Renounce Religion, Depart the Abyss


You were on level 2 of the Dungeon.
You worshipped Lugonu.
Lugonu was aware of your devotion.
You visited 1 branch of the dungeon, and saw 2 of its levels.
You visited the Abyss 1 time.

You collected 42 gold pieces.

Inventory:

Hand Weapons
 a - a +1 hand axe (weapon)
Missiles
 f - 4 javelins (quivered)
 i - 63 stones
 Q - 10 arrows
Armour
 b - a +0 leather armour
 d - a cursed +0 buckler (worn)
 j - a +0 ring mail (worn)
Jewellery
 c - a +6 ring of dexterity (right hand)
 e - a +6 ring of dexterity (left hand)
Scrolls
 h - a scroll of enchant armour {unknown}
Potions
 g - 2 potions of haste {unknown}
 k - a potion of degeneration {unknown}


   Skills:
 + Level 3.6 Fighting
 * Level 3.2 Axes
 - Level 1.7 Armour
 - Level 0.8 Dodging
 - Level 2.4 Invocations


You had 2 spell levels left.
You didn't know any spells.
Your spell library was empty.

Dungeon Overview and Level Annotations

Branches:
Dungeon (2/15)

Altars:


Innate Abilities, Weirdness & Mutations

You are partially covered in razor-sharp scales. (AC +1, Slay +1)


Message History

You slash the gnoll! The gnoll hits you but does no damage.
You hit the gnoll. The gnoll hits you. The gnoll closely misses you.
You take 1 damage, and have 26/29 hp.
You hit the gnoll but do no damage. You block the gnoll's attack. x2
You hit the gnoll but do no damage. The gnoll barely misses you.
You block the gnoll's attack. The gnoll hits you.
You take 2 damage, and have 24/29 hp.
You hit the gnoll.
You kill the gnoll!
The gnoll closely misses you.
The gnoll hits you with a +2 vorpal halberd!
Ouch! That really hurt!
* * * LOW HITPOINT WARNING * * *
x2 The gnoll shouts!
You take 20 damage, and have 4/29 hp.
GAME OVER YEAH!!
Unknown command.
Unknown command.
The gnoll hits you from afar with a +2 vorpal halberd!
You die...

# ###...#.# # #.....#.#
..#.#.# # #.....#.#
......# # #.....#.####.#
#.# # .. #...###.#.....
#.#.# ...
##...###.#.##.###.#.#...
#<.........<.......... .
########.####.....#.###g#
#...@.g..........#
######g....#..g...
#........g...
#.###.####### #.###.#
#..##.# ##.##g# ####.##g#
#....##.#

Skill      XL: |  1  2  3 |
---------------+----------+-----
Axes           | 2 3 |  3.2
Fighting       | |  3.6
Armour         | |  1.7
Dodging        | |  0.8
Invocations    | |  2.4

Notes
Turn   | Place    | Note
-------+----------+-------------------------------------------
     0 | Abyss:1  | hehateme the Demonspawn Abyssal Knight began the quest for
                  | the Orb.
     0 | Abyss:1  | Reached XP level 1. HP: 18/18 MP: 2/2
    61 | Abyss:1  | Noticed a wretched star
    62 | D:1      | Escaped the Abyss
   294 | D:1      | Reached skill level 2 in Axes
   301 | D:1      | Gained mutation: You are partially covered in razor-sharp
                  | scales. (AC +1, Slay +1) [demonic ancestry]
   301 | D:1      | Reached XP level 2. HP: 21/24 MP: 3/3
   363 | D:1      | Reached * piety under Lugonu
   773 | D:1      | Reached XP level 3. HP: 15/29 MP: 4/4
   775 | D:1      | HP: 5/29 [kobold/+0 short sword (6)]
  1286 | D:2      | Reached skill level 3 in Axes
  1427 | D:2      | HP: 7/29 [gnoll/+2 vorpal halberd (17)]
  1428 | D:2      | Mangled by a gnoll

Table legend: (Time is in decaauts)
 A = Elapsed time spent in this place.
 B = Non-inter-level travel time spent in this place.
 C = Inter-level travel time spent in this place.
 D = Time resting spent in this place.
 E = Time spent auto-exploring this place.
 F = Levels seen in this place.
 G = Mean time per level.
                   A        B        C        D        E       F      G
               +--------+--------+--------+--------+--------+-----+--------+
         Total |   1447 |   1416 |     31 |    261 |    842 |   3 |  482.3 |
       Dungeon |   1385 |   1354 |     31 |    261 |    782 |   2 |  692.5 |
         Abyss |     62 |     62 |      0 |      0 |     60 |   1 |   62.0 |
               +--------+--------+--------+--------+--------+-----+--------+

Top non-repeatable levels by time:
     D:1: 1207 daAuts
     D:2: 178 daAuts
 Abyss:1: 62 daAuts

Table legend:
 A = Kills in this place as a percentage of kills in entire the game.
 B = Kills by you in this place as a percentage of kills by you in the entire game.
 C = Kills by friends in this place as a percentage of kills by friends in the entire game.
 D = Other kills in this place as a percentage of other kills in the entire game.
 E = Experience gained in this place as a percentage of experience gained in the entire game.
 F = Experience gained in this place divided by the number of levels of this place that you have seen.
                   A       B       C       D       E      F
               +-------+-------+-------+-------+-------+----------------------
         Total | 100.0 | 100.0 |   N/A |   N/A | 100.0 |  27.7
       Dungeon | 100.0 | 100.0 |   N/A |   N/A | 100.0 |  41.5
               +-------+-------+-------+-------+-------+----------------------

Action                   || total
-------------------------++-------
Melee: Hand axe          ||    89
Invok: Depart the Abyss  ||     1
 Stab: Sleeping          ||     3
Armor: Leather armour    ||    19
       Ring mail         ||     6
Dodge: Dodged            ||    36
Block: Buckler           ||    22

Vanquished Creatures
  An adder (D:2)
  A gnoll (D:2)
  2 dart slugs (D:1)
  A bat (D:1)
  9 hobgoblins
  2 jackals (D:1)
  3 frilled lizards (D:1)
  4 goblins (D:1)
  7 kobolds (D:1)
  4 rats (D:1)
34 creatures vanquished. You could see 2 gnolls.

Levels and vault maps discovered:
D:1:      dpeg_arrival_triangle_fractal, layout_basic, serial_curves,
          eino_curves_01, eino_curves_02
D:2:      layout_basic
